AoeStats
← Erickinio

Arena

508459506Analyzed
2v2 RM · 10d ago on Sep 22, 2026· 16m 21s· 4 players
Game mode
Random Map
Map size
Medium (4 player)
Population
200
Speed
Normal
Resources
Standard
Victory
Conquest
Starting age
Dark Age
Ending age
Imperial Age
RankedLock teamsTeams togetherTeam positionsShared explorationLock speedFull tech treeHidden civsTurbo modeCheats
Victory
Defeat
🇩🇪 Persians · Germany
829
+19
🇦🇷 Celts · Argentina
815
+19
🇮🇹 Poles · Italy
936
-65
🇮🇹 Khmer · Italy
835
-17
Erickinio
11:37 Feudal Age
11:51 Man-at-Arms
13:18 Arson
14:09 Double-Bit Axe
DarkEater
5:07 Loom
10:19 Feudal Age
10:58 Double-Bit Axe
14:05 Scale Barding Armor
Kulkrein
1:43 Loom
14:27 Feudal Age
15:12 Man-at-Arms
Gireb2611
2:07 Loom
9:49 Feudal Age
11:26 Wheelbarrow
11:41 Wheelbarrow
13:36 Double-Bit Axe
Connection lost

Rejoining the realm…

Still unreachable

The connection could not be restored.

Session expired

The server has moved on; the page needs a fresh start.